 Dungeon Crawl Stone Soup version 0.14-a0-2001-g390038d (webtiles) character file.

2627 Kae the Basher (level 9, 0/70 HPs)
             Began as a Minotaur Fighter on Jan 18, 2014.
             Was a Follower of Okawaru.
             Shot with an arrow of frost by a centaur (19 damage)
             ... on Level 8 of the Dungeon.
             The game lasted 00:08:53 (7052 turns).

Kae the Basher (Minotaur Fighter)                   Turns: 7052, Time: 00:08:54

HP   0/70        AC  7     Str 23      XL: 9   Next: 17%
MP   4/4         EV  6     Int  5      God: Okawaru [*.....]
Gold 338         SH 20     Dex 14      Spells:  0 memorised,  8 levels left

rFire  . . .     SeeInvis .     a - +1 mace (curse)
rCold  . . .     Clarity  .     b - +1 scale mail
rNeg   . . .     Conserve .     c - +0 shield
rPois  .         rCorr    +     (helmet restricted)
rElec  .         rRot     .     (no cloak)
SustAb . .       Spirit   .     (no gloves)
rMut   .         Warding  .     (no boots)
Saprov . . .     Stasis   .     l - cursed amulet of resist corrosion
MR     .....                    (no ring)
                                w - cursed +3 ring of dexterity

@: drained, not resistant to hostile enchantments, extremely unstealthy
A: retaliatory headbutt, horns 2
a: Heroism, Renounce Religion


You were on level 8 of the Dungeon.
You worshipped Okawaru.
Okawaru was aware of your devotion.
You were hungry.

You visited 2 branches of the dungeon, and saw 9 of its levels.
You also visited: Ossuary.

You collected 338 gold pieces.

Inventory:

Hand weapons
 a - a cursed +1,+1 mace (weapon)
Missiles
 g - 7 tomahawks (quivered)
 v - 4 tomahawks of returning
Armour
 b - a +1 scale mail (worn)
 c - a +0 shield (worn)
Comestibles
 d - 3 bread rations
 j - a honeycomb
 t - a banana
 z - an apple
 F - 18 cheeses
 G - 2 chokos
 J - a meat ration
Scrolls
 e - a scroll of teleportation
 m - 2 scrolls of identify
 p - 2 scrolls of enchant armour
 q - 5 scrolls of remove curse
 r - 2 scrolls of enchant weapon I
 u - a scroll of immolation
 y - a scroll of amnesia
 A - 2 scrolls of blinking
 D - a scroll of magic mapping {unknown}
Jewellery
 l - a cursed amulet of resist corrosion (around neck)
 w - a cursed +3 ring of dexterity (left hand)
Potions
 f - a potion of paralysis {unknown}
 h - 6 potions of curing
 i - 2 potions of restore abilities
 n - 5 potions of heal wounds
 o - a potion of porridge
 s - a potion of invisibility {unknown}
 B - a potion of might {unknown}
 C - 2 potions of degeneration {unknown}
 E - a potion of magic


   Skills:
 - Level 3.6(3.3) Fighting
 + Level 14.1(13.7) Maces & Flails
 - Level 3.6(3.3) Armour
 - Level 3.6(3.3) Shields


You had 8 spell levels left.
You didn't know any spells.

Dungeon Overview and Level Annotations

Branches:
Dungeon (8/16)             Temple (1/1) D:6
   Lair: D:8-11

Altars:
Ashenzari
Cheibriados
Dithmengos
Fedhas
Nemelex Xobeh
Okawaru
Sif Muna
Trog
Xom
Yredelemnul
Zin
the Shining One

Shops:
D:6 :


Innate Abilities, Weirdness & Mutations

You reflexively headbutt those who attack you in melee.
You have a pair of horns on your head.


Message History

Okawaru is aware of your devotion.
A centaur is nearby!
The centaur shoots an arrow of frost.
The arrow of frost hits you!
One of your 7 potions of heal wounds freezes and shatters!
Your orange potion freezes and shatters!
You see here an arrow.
The centaur shoots an arrow of frost.
The arrow of frost hits you!
You see here an arrow.
The centaur shoots an arrow of frost.
The arrow of frost hits you!
One of your 7 potions of curing freezes and shatters!
The centaur shoots an arrow of frost.
The arrow of frost hits you!
* * * LOW HITPOINT WARNING * * *
You see here 2 arrows.
You are too injured to fight recklessly!
You are too injured to fight recklessly!
You are too injured to fight recklessly!
The centaur shoots an arrow of frost.
The arrow of frost hits you!
Your potion of confusion freezes and shatters!
One of your 6 potions of heal wounds freezes and shatters!
You die...

#.# #####.#######
##.###### #.##....
........# #.#...# ..
##....#.#####.#...###$..
#....# #......(.........
##....# #.###.##(..#...##
##.#..........).(........
##.#.##.#.###...(..#...##
##.#.# #...@### ### ##.#
#.......# . #.##c...#
#.##....# .. ....... ##
#.###### #.# # #.# # #.#


You could see a centaur.

Vanquished Creatures
  The ghost of epsilon the Covered, an experienced GrFi (D:5)
  An ogre (D:7)
  An orc warrior (D:7)
  2 centaurs
  2 phantoms
  A giant frog (D:3)
  A gnoll sergeant (D:7)
  5 wights (D:6)
  A crimson imp (D:5)
  A giant frog skeleton (D:7)
  A human skeleton (D:4)
  An orc priest (D:6)
  3 hounds (D:7)
  A human zombie (D:4)
  A jelly (D:5)
  An orc wizard (D:4)
  2 scorpions
  5 worker ants
  An orange rat (D:7)
  13 mummies (Ossuary)
  10 gnolls
  13 adders
  6 green rats
  3 worms
  4 grey rats (D:7)
  A giant eyeball (D:4)
  3 giant geckos
  2 oozes
  19 orcs
  8 bats
  10 giant cockroaches
  8 goblins
  8 hobgoblins
  7 jackals
  2 quokkas
  A ball python (D:7)
  A giant cockroach zombie (D:6)
  3 giant newts
  A giant spore (D:7)
  3 gnoll skeletons (Ossuary)
  A gnoll zombie (D:6)
  A goblin skeleton (Ossuary)
  5 kobolds
  A kobold skeleton (Ossuary)
  4 orc skeletons
  3 orc zombies (D:4)
  19 rats
  11 rat skeletons (Ossuary)
  2 ballistomycetes (D:7)
205 creatures vanquished.

Vanquished Creatures (others)
  An orc wizard (D:7)
  2 orcs (D:7)
  A plant (D:6)
4 creatures vanquished.

Grand Total: 209 creatures vanquished

Notes
Turn   | Place    | Note
--------------------------------------------------------------
     0 | D:1      | Kae, the Minotaur Fighter, began the quest for the Orb.
     0 | D:1      | Reached XP level 1. HP: 19/19 MP: 1/1
   366 | D:1      | Reached XP level 2. HP: 26/26 MP: 1/1
   873 | D:2      | Reached skill level 4 in Maces & Flails
  1005 | D:2      | Reached XP level 3. HP: 28/31 MP: 2/2
  1162 | D:2      | Reached skill level 5 in Maces & Flails
  1238 | D:2      | Reached XP level 4. HP: 36/39 MP: 2/2
  1555 | D:3      | Found a glowing silver altar of Zin.
  1556 | D:3      | Noticed an angel
  1570 | D:3      | Reached skill level 6 in Maces & Flails
  1755 | D:3      | Noticed a giant frog
  1761 | D:3      | Killed a giant frog
  1761 | D:3      | Reached skill level 7 in Maces & Flails
  1761 | D:3      | Reached XP level 5. HP: 39/45 MP: 2/2
  2269 | D:4      | Reached XP level 6. HP: 41/51 MP: 3/3
  2485 | D:4      | Reached skill level 8 in Maces & Flails
  2499 | D:4      | Found a sand-covered staircase.
  2507 | Ossuary  | Entered an ossuary
  3140 | Ossuary  | Reached skill level 9 in Maces & Flails
  3353 | D:4      | Reached XP level 7. HP: 46/57 MP: 3/3
  3772 | D:5      | Entered Level 5 of the Dungeon
  3980 | D:5      | Reached skill level 10 in Maces & Flails
  4053 | D:5      | Noticed epsilon's ghost (experienced GrFi)
  4169 | D:5      | Killed epsilon's ghost
  4169 | D:5      | Reached skill level 11 in Maces & Flails
  4169 | D:5      | Reached XP level 8. HP: 64/64 MP: 3/3
  4376 | D:5      | Found a sparkling altar of Nemelex Xobeh.
  4376 | D:5      | Found a shattered altar of Ashenzari.
  4633 | D:6      | Found a shattered altar of Ashenzari.
  4880 | D:6      | Reached skill level 12 in Maces & Flails
  5082 | D:6      | Found a staircase to the Ecumenical Temple.
  5183 | Temple   | Entered the Ecumenical Temple
  5383 | Temple   | Became a worshipper of Warmaster Okawaru
  5647 | D:6      | Found Gamasm's Book Boutique.
  5928 | D:7      | Reached skill level 13 in Maces & Flails
  6259 | D:7      | Reached XP level 9. HP: 70/70 MP: 4/4
  6562 | D:7      | Acquired Okawaru's first power
  6822 | D:7      | Reached skill level 14 in Maces & Flails
  7052 | D:8      | Shot with an arrow of frost by a centaur

Action                   |  1- 3 |  4- 6 |  7- 9 || total
-------------------------+-------+-------+-------++-------
Melee: Mace              |    77 |   251 |   371 ||   699
Throw: Tomahawk          |       |       |     2 ||     2
Invok: Heroism           |       |       |     1 ||     1
  Use: Scroll            |       |       |    16 ||    16
       Potion            |       |       |     3 ||     3
 Stab: Confused          |       |       |     1 ||     1
